 Dungeon Crawl Stone Soup version 0.25.1-8-g42b30a86e7 (webtiles) character file.

Game seed: 7649940391657027493

128 Destapler the Gusty (level 4, -3/36 HPs)
             Began as a Draconian Air Elementalist on Dec 5, 2020.
             Slain by an ogre
             ... wielding a +0 giant spiked club
              (23 damage)
             ... on level 3 of the Dungeon.
             The game lasted 00:15:34 (2795 turns).

Destapler the Gusty (Draconian Air Elementalist)    Turns: 2795, Time: 00:15:35

Health: -3/36      AC:  5    Str: 11    XL:     4   Next: 87%
Magic:  2/7        EV: 10    Int: 16    God:
Gold:   164        SH:  7    Dex: 17    Spells: 6/7 levels left

rFire    . . .     SeeInvis .   a - +1 dagger (venom)
rCold    . . .     Gourm    .   n - +0 kite shield
rNeg     . . .     Faith    .   (armour unavailable)
rPois    .         Spirit   .   (helmet restricted)
rElec    .         Reflect  .   (no cloak)
rCorr    .         Harm     .   (no gloves)
MR       .....                  (no boots)
Stlth    ++........             (no amulet)
HPRegen  0.12/turn              q - +6 ring of dexterity
MPRegen  0.10/turn              (no ring)

@: very slightly contaminated
A: unfitting armour, cold-blooded, AC +5
a: no special abilities


You were on level 3 of the Dungeon.
You were very hungry.

You visited 1 branch of the dungeon, and saw 3 of its levels.

You collected 164 gold pieces.

Inventory:

Hand Weapons
 a - a +1 dagger of venom (weapon)
 l - a +0 whip of electrocution
Missiles
 f - 12 poisoned darts (quivered)
Armour
 n - a +0 kite shield (worn)
Jewellery
 o - an uncursed ring of flight
 q - a +6 ring of dexterity (left hand)
Scrolls
 d - a scroll of fog {unknown}
 e - 6 scrolls of identify {unknown}
 g - 3 scrolls of teleportation {unknown}
 j - 2 scrolls of remove curse {unknown}
 m - a scroll of noise {unknown}
 p - 2 scrolls of blinking {unknown}
 s - 2 scrolls of magic mapping {unknown}
Potions
 c - a potion of degeneration {unknown}
 h - a potion of magic {unknown}
 i - a potion of heal wounds {unknown}
 k - a potion of mutation {unknown}
 r - a potion of lignification {unknown}
 t - a potion of curing {unknown}
 u - a potion of flight {unknown}
Comestibles
 b - 2 rations


   Skills:
 + Level 1.9 Fighting
 - Level 1.6 Short Blades
 + Level 2.5 Dodging
 + Level 2.6 Stealth
 + Level 0.9 Shields
 - Level 2.0 Spellcasting
 + Level 2.1 Conjurations
 - Level 3.0 Air Magic


You had 6 spell levels left.
You knew the following spells:

 Your Spells              Type           Power        Failure   Level  Hunger
a - Shock                 Conj/Air       #...         41%         1    #......

Your spell library contained the following spells:

 Spells                   Type           Power        Failure   Level  Hunger
 Swiftness                Chrm/Air       #.......     71%         2    ###....
 Static Discharge         Conj/Air       #.......     78%         3    ###....
 Airstrike                Air            ##........   98%         4    #####..
 Lightning Bolt           Conj/Air       #.........   100%        5    ######.


Dungeon Overview and Level Annotations

Branches:
Dungeon (3/15)

Altars:


Innate Abilities, Weirdness & Mutations

Your plain brown scales are hard. (AC +5)
You cannot fit into any form of body armour.
You are cold-blooded and may be slowed by cold attacks.


Message History

The zap hits the ogre.
The ogre is lightly wounded.
Sorry, you're not good enough to have a special ability.
Throwing (i - inventory)
f - 13 poisoned darts (quivered)
Press: ? - help, Shift-Dir - straight line You throw a poisoned dart.
The poisoned dart hits the ogre.
The ogre is poisoned.
The ogre is lightly wounded.
The ogre hits you with a +0 giant spiked club!
Okay, then.
Casting: Shock (safe; 41% risk of failure)
Confirm with . or Enter, or press ? or * to list all spells.
Aiming: Shock (safe; 41% risk of failure)
Press: ? - help, Shift-Dir - straight line The zap hits the ogre.
The ogre is moderately wounded.
The zap misses the ogre.
The ogre hits you with a +0 giant spiked club!!
Ouch! That really hurt!
You die...

.. .. .. .# .# .#
.#################.#
...............@O..#
######.##########.#
###.###### .#
#.####.......... .#
##.##
#........####### .#
##...### ######.###
.. ......# #.# O.
...#.# #.# ..
#.##.## #.#
..######.##.##


You could see an ogre (poisoned).

Vanquished Creatures
  Robin (D:2)
  6 adders (D:2)
  2 worms (D:2)
  2 dart slugs
  2 leopard geckos
  5 bats
  2 giant cockroaches
  4 hobgoblins
  6 jackals (D:2)
  4 frilled lizards
  10 goblins
  6 kobolds
  4 rats
54 creatures vanquished.

Notes
Turn   | Place    | Note
-------+----------+-------------------------------------------
     0 | D:1      | Destapler the Draconian Air Elementalist began the quest
                  | for the Orb.
     0 | D:1      | Reached XP level 1. HP: 14/14 MP: 3/3
   667 | D:1      | Reached XP level 2. HP: 22/22 MP: 5/5
  1083 | D:2      | Reached skill level 1 in Fighting
  1083 | D:2      | Reached XP level 3. HP: 26/28 MP: 1/6
  1146 | D:2      | Reached skill level 1 in Short Blades
  1402 | D:2      | Reached XP level 4. HP: 23/35 MP: 0/7
  2110 | D:2      | Noticed Robin
  2115 | D:2      | Killed Robin
  2575 | D:3      | Noticed an ogre
  2795 | D:3      | Slain by an ogre

Illustrated notes

Levels and vault maps discovered:
D:1:      psy_arrival_radial01, layout_basic
D:2:      layout_loops_ring, uniq_robin
D:3:      layout_loops_ring, lemuel_coloured_pillars_altar,
          lemuel_blue_sif_altar

Skill      XL: |  1  2  3  4 |
---------------+-------------+-----
Stealth        | 2 |  2.6
Dodging        | 2 |  2.5
Fighting       | 1 |  1.9
Short Blades   | 1 |  1.6
Conjurations   | 2 |  2.1
Shields        | |  0.9
Spellcasting   | |  2.0
Air Magic      | |  3.0

Action                   |  1- 3 |  4- 6 || total
-------------------------+-------+-------++-------
Melee: Short sword       |    81 |    35 ||   116
       Tailslap          |     8 |     4 ||    12
       Dagger            |       |    11 ||    11
Throw: Dart              |       |     1 ||     1
 Cast: Shock             |    29 |    22 ||    51
 Stab: Sleeping          |     2 |     7 ||     9
       Distracted        |     1 |       ||     1
  Eat: Chunk             |     2 |     4 ||     6
Armor: Skin              |    36 |    29 ||    65
Dodge: Dodged            |    43 |    14 ||    57
Block: Kite shield       |    18 |    24 ||    42
